 Dungeon Crawl Stone Soup version 0.21-a0-55-gb612c23 (webtiles) character file.

245 MackTheKnife the Skirmisher (level 6, 0/55 HPs)
             Began as a Gnoll Wanderer on June 15, 2017.
             Was a Follower of Makhleb.
             Killed from afar by Natasha (8 damage)
             ... with a magic dart
             ... on level 2 of the Dungeon.
             The game lasted 00:04:16 (2356 turns).

MackTheKnife the Skirmisher (Gnoll Wanderer)        Turns: 2356, Time: 00:04:17

Health: 0/55       AC:  6    Str: 15    XL:     6   Next: 10%
Magic:  6/6        EV: 14    Int: 10    God:    Makhleb [*.....]
Gold:   114        SH:  0    Dex: 16    Spells: 5/5 levels left

rFire    . . .     SeeInvis .   c - +0 spear
rCold    . . .     Gourm    .   (no shield)
rNeg     . . .     Faith    +   r - +0 ring mail
rPois    .         Spirit   .   (no helmet)
rElec    .         Reflect  .   (no cloak)
rCorr    .         Harm     .   (no gloves)
MR       .....                  (no boots)
Stlth    +.........             n - amulet of faith {Faith, !P}
HPRegen  0.18/turn              (no ring)
MPRegen  0.10/turn              o - +2 ring of strength

@: no status effects
A: short attention span, fangs 1, strong nose
a: Renounce Religion


You were on level 2 of the Dungeon.
You worshipped Makhleb.
Makhleb was aware of your devotion.
You were not hungry.

You visited 1 branch of the dungeon, and saw 3 of its levels.

You collected 114 gold pieces.

Inventory:

Hand Weapons
 a - a +2 shortbow
 c - a +0 spear (weapon)
Missiles
 i - a throwing net {=f, !d}
Armour
 r - a +0 ring mail (worn)
   (You found it on level 2 of the Dungeon)
Jewellery
 n - an amulet of faith (around neck) {Faith, !P}
   (You found it on level 2 of the Dungeon)
 o - a +2 ring of strength (right hand)
   (You found it on level 2 of the Dungeon)
 q - an uncursed ring of fire {rF+, rC-}
   (You found it on level 2 of the Dungeon)
Scrolls
 j - a scroll of identify
 m - 2 scrolls of blinking {!r}
Potions
 d - 2 potions of curing
 e - a potion of heal wounds
 p - a potion of haste
Comestibles
 f - 4 bread rations {@e1}
 g - a meat ration {@e2}
 h - 2 chunks of flesh {@w0}


   Skills:
 - Level 7.2 Fighting
 - Level 4.3 Polearms
 - Level 1.7 Bows
 * Level 4.5 Armour
 + Level 5.8 Dodging
   Level 3.2 Shields


You had 5 spell levels left.
You didn't know any spells.

Dungeon Overview and Level Annotations

Branches:
Dungeon (3/15)

Altars:
Makhleb

Annotations:
D:2 Natasha


Innate Abilities, Weirdness & Mutations

You have a short attention span.
You have very sharp teeth.
Your uncanny sense of smell can sniff out nearby items.


Message History

The crimson imp hits you but does no damage.
Natasha completely misses you.
The crimson imp hits you but does no damage.
Natasha misses you.
Aim: a crimson imp (heavily wounded, summoned)
You shoot an arrow. The arrow misses the crimson imp.
The crimson imp completely misses you. Natasha closely misses you.
Aim: a crimson imp (moderately wounded, summoned)
You shoot an arrow.
The arrow barely misses the crimson imp.
The crimson imp disappears in a puff of smoke!
Natasha casts a spell.
Aim: Natasha (black smoke)
You shoot an arrow. The arrow hits the iron imp.
Natasha barely misses you. The iron imp barely misses you.
Aim: an iron imp (lightly wounded, summoned)
You shoot an arrow. The arrow hits the iron imp.
Natasha barely misses you. Natasha closely misses you.
Aim: an iron imp (heavily wounded, summoned)
You shoot an arrow. The arrow barely misses the iron imp.
The iron imp completely misses you. Natasha claws you.
You take 3 damage, and have 41/55 hp.
Aim: an iron imp (heavily wounded, summoned)
You shoot an arrow.
The arrow hits the iron imp but does no damage.
The iron imp closely misses you. Natasha claws you.
You take 5 damage, and have 36/55 hp.
Aim: an iron imp (heavily wounded, summoned)
You shoot an arrow. The arrow hits the iron imp.
Natasha barely misses you. The iron imp hits you.
You take 2 damage, and have 34/55 hp.
Aim: an iron imp (heavily wounded, summoned)
You shoot an arrow. The arrow hits the iron imp.
Natasha stares at you and mumbles some strange words.
You resist with some effort.
The iron imp hits you but does no damage.
Aim: an iron imp (almost dead, summoned)
You shoot an arrow. The arrow closely misses the iron imp.
Natasha completely misses you. The iron imp hits you.
Natasha claws you but does no damage.
You take 5 damage, and have 29/55 hp.
Aim: an iron imp (almost dead, summoned)
You shoot an arrow.
The arrow hits the iron imp but does no damage.
The iron imp summons a swarm of flies.
The iron imp hits you. Natasha barely misses you.
Natasha claws you but does no damage.
The iron imp laughs crazily.
There is an escape hatch in the ceiling here.
Natasha claws you. A mysterious force pulls you upwards.
The hatch slams shut behind you.
The iron imp disappears in a puff of smoke!
You take 5 damage, and have 24/55 hp.
You are too injured to fight recklessly!
You are too injured to fight recklessly!
Aim: Natasha You shoot an arrow.
The arrow hits Natasha.
Natasha misses you.
Aim: Natasha (moderately wounded)
You shoot an arrow. The arrow closely misses Natasha.
Natasha mumbles some strange words.
Natasha glows brightly for a moment.
Natasha mumbles some strange words.
Natasha claws you.
You take 5 damage, and have 19/55 hp.
Aim: Natasha (moderately wounded)
You shoot an arrow. The arrow hits Natasha.
Natasha closely misses you.
Aim: Natasha (heavily wounded)
You shoot an arrow. The arrow barely misses Natasha.
Natasha casts a spell at you. The magic dart hits you!
* * * LOW HITPOINT WARNING * * *
You take 3 damage, and have 16/55 hp.
Aim: Natasha (heavily wounded)
You shoot an arrow. The arrow barely misses Natasha.
Natasha claws you but does no damage. The shadow imp barely misses you.
Aim: Natasha (heavily wounded)
You shoot an arrow. The arrow closely misses Natasha.
Natasha barely misses you. The shadow imp hits you.
* * * LOW HITPOINT WARNING * * *
You take 3 damage, and have 14/55 hp.
Okay, then.
Wield which item (- for none, * to show all)? (? for menu, Esc to quit)
c - a +0 spear (weapon)
Natasha claws you.
* * * LOW HITPOINT WARNING * * *
The shadow imp misses you.
You take 3 damage, and have 11/55 hp.
You hit Natasha. Natasha claws you.
* * * LOW HITPOINT WARNING * * *
You take 3 damage, and have 8/55 hp.
You closely miss Natasha.
Natasha mumbles some strange words.
Natasha shimmers violently.
Natasha barely misses you.
You barely miss Natasha.
Natasha mumbles some strange words.
Natasha shimmers violently.
Natasha stares at you and mumbles some strange words.
The magic dart hits you!
You die...

....# #.#.......########## #
....########.#................###
................#................
................#.............###
................#................
###.............#..............##
#.............#..............#<
#.............#..............#.
#...........>.@..............#.
###............h#..............##
..#..........................#...
..#..........(...####.###########
..#.........(....##..†..# #######
################.##.....# #......
#.##.....# #.##... #.##.....#
#.#.... #.#......# #.#....


You could see Natasha.

Vanquished Creatures
  A hound (D:2)
  Natasha (D:3)
  9 adders
  A shadow imp (D:3)
  2 worms (D:3)
  3 dart slugs
  3 leopard geckos (D:1)
  11 orcs (D:3)
  2 ball pythons
  8 bats
  3 giant cockroaches
  5 goblins (D:1)
  7 hobgoblins
  3 jackals (D:3)
  8 kobolds
  6 frilled lizards
  8 rats
81 creatures vanquished.

Notes
Turn   | Place    | Note
-------+----------+-------------------------------------------
     0 | D:1      | MackTheKnife the Gnoll Wanderer began the quest for the Orb.
     0 | D:1      | MackTheKnife set off with: a +2 shortbow, 20 arrows, a +0 spear, a potion of curing, a +0 robe, a bread ration {@e1}
     0 | D:1      | Reached XP level 1. HP: 22/22 MP: 1/1
    18 | D:1      | Reached skill level 1 in Dodging
   383 | D:1      | Reached skill level 4 in Polearms
   415 | D:1      | Reached XP level 2. HP: 22/28 MP: 2/2
   638 | D:1      | Reached skill level 2 in Dodging
   638 | D:1      | Reached XP level 3. HP: 35/35 MP: 3/3
  1026 | D:2      | Found a burning altar of Makhleb.
  1029 | D:2      | Reached skill level 7 in Fighting
  1029 | D:2      | Reached skill level 3 in Dodging
  1029 | D:2      | Reached XP level 4. HP: 37/43 MP: 4/4
  1043 | D:2      | Became a worshipper of Makhleb the Destroyer
  1372 | D:2      | Reached skill level 4 in Dodging
  1632 | D:2      | Reached XP level 5. HP: 48/48 MP: 5/5
  1723 | D:2      | Reached skill level 2 in Armour
  1788 | D:3      | Reached skill level 5 in Dodging
  1798 | D:3      | Reached * piety under Makhleb
  1932 | D:3      | Reached skill level 3 in Armour
  2081 | D:3      | Reached skill level 4 in Armour
  2198 | D:3      | Noticed Natasha
  2202 | D:3      | Killed Natasha
  2202 | D:3      | Reached XP level 6. HP: 55/55 MP: 6/6
  2319 | D:3      | Noticed Natasha
  2351 | D:2      | HP: 11/55 [Natasha (3)]
  2356 | D:2      | Killed from afar by Natasha

Vault maps used:
D:1:      eino_arrival_cavern_d, minmay_pentomino_o4
D:2:      first_bread, makhleb_blood_cavern_becter
D:3:      uniq_natasha

Skill      XL: |  1  2  3  4  5 |
---------------+----------------+-----
Dodging        | 1 2 3 4 5 |  5.8
Polearms       | 4 |  4.3
Fighting       | 7 |  7.2
Armour         | 4 |  4.5
Bows           | |  1.7
Shields        | |  3.2

Action                   |  1- 3 |  4- 6 || total
-------------------------+-------+-------++-------
Melee: Spear             |    30 |     3 ||    33
       Bite              |     2 |       ||     2
 Fire: Shortbow          |    55 |   179 ||   234
  Use: Scroll            |       |     7 ||     7
  Eat: Chunk             |       |     4 ||     4
Armor: Robe              |     3 |       ||     3
       Ring mail         |       |    31 ||    31
Dodge: Dodged            |    16 |    88 ||   104

Vault maps used:
D:1:      eino_arrival_cavern_d, minmay_pentomino_o4
D:2:      first_bread, makhleb_blood_cavern_becter
D:3:      uniq_natasha

Table legend:
 A = Turns spent in this place as a percentage of turns spent in the entire game.
 B = Non-inter-level travel turns spent in this place as a percentage of non-inter-level travel turns spent in the entire game.
 C = Inter-level travel turns spent in this place as a percentage of turns spent in this place.
 D = Turns resting spent in this place as a percentage of non-inter-level travel turns spent in this place.
 E = Turns spent auto-exploring this place as a percentage of non-inter-level travel turns spent in this place.
 F = Non-inter-level travel turns spent in this place divided by the number of levels of this place that you've seen.
                   A       B       C       D       E      F
               +-------+-------+-------+-------+-------+----------------------
         Total | 100.0 | 100.0 |   0.4 |   0.5 |  14.5 | 246.3
       Dungeon | 100.0 | 100.0 |   0.4 |   0.5 |  14.5 | 246.3
               +-------+-------+-------+-------+-------+----------------------

Table legend:
 A = Kills in this place as a percentage of kills in entire the game.
 B = Kills by you in this place as a percentage of kills by you in the entire game.
 C = Kills by friends in this place as a percentage of kills by friends in the entire game.
 D = Other kills in this place as a percentage of other kills in the entire game.
 E = Experience gained in this place as a percentage of experience gained in the entire game.
 F = Experience gained in this place divided by the number of levels of this place that you have seen.
                   A       B       C       D       E      F
               +-------+-------+-------+-------+-------+----------------------
         Total | 100.0 | 100.0 |  -nan |  -nan | 100.0 | 117.0
       Dungeon | 100.0 | 100.0 |  -nan |  -nan | 100.0 | 117.0
               +-------+-------+-------+-------+-------+----------------------
